 Dungeon Crawl Stone Soup version 0.31-a0-182-gc5ef74bbde (webtiles) character file.

Game seed: 15432402024231923144

223 qw the Chopper (level 6, -2/37 HPs)
             Began as a Gargoyle Fighter on June 21, 2023.
             Slain by an orc
             ... wielding a +0 trident
              (6 damage)
             ... on level 3 of the Dungeon.
             The game lasted 00:00:59 (1839 turns).

qw the Chopper (Gargoyle Fighter)                   Turns: 1839, Time: 00:00:59

Health: -2/37      AC: 12    Str: 22    XL:     6   Next: 0%
Magic:  6/6        EV:  9    Int:  8    God:
Gold:   150        SH:  4    Dex:  9    Spells: 5/5 levels left

rFire   . . .        Y - +0 broad axe
rCold   . . .        c - +0 buckler
rNeg    + . .        b - +0 scale mail
rPois   inf          j - +0 helmet
rElec   +            (no cloak)
rCorr   .            (no gloves)
SInv    .            (no boots)
Will    .....        (no amulet) Stlth
                     (no ring)
HPRegen 0.26/turn    (no ring)
MPRegen 0.10/turn

%: no passive effects
@: no status effects
A: sickness immunity, AC +4, negative energy resistance 1, electricity
resistance, torment resistance 1, petrification resistance
a: no special abilities


You were on level 3 of the Dungeon.
You visited 1 branch of the dungeon, and saw 3 of its levels.

You collected 150 gold pieces.


Innate Abilities, Weirdness & Mutations

You are immune to sickness and miasma.
Your stone body is resilient. (AC +4)
You are immune to poison.
You resist negative energy. (rN+)
You are resistant to electric shocks. (rElec)
You are resistant to unholy torment.
You are immune to petrification.


   Skills:
 + Level 3.4 Fighting
 - Level 5.4 Axes
 - Level 3.2 Armour
 - Level 3.2 Shields


You had 5 spell levels left.
You didn't know any spells.
Your spell library was empty.

Inventory:

Hand Weapons
 f - a +0 flail
 Y - a +0 broad axe (weapon)
Armour
 b - a +0 scale mail (worn)
 c - a +0 buckler (worn)
 j - a +0 helmet (worn)
Scrolls
 k - a scroll of poison {unknown}
Potions
 a - a potion of brilliance {unknown}
 d - a potion of might
 e - a potion of enlightenment {unknown}
 g - a potion of degeneration {unknown}
 i - a potion of curing {unknown}

Dungeon Overview and Level Annotations

Branches:
Dungeon (3/15)

Altars:
Ru

Shops:
D:1 [


Message History

The orc priest calls upon Beogh to heal the orc priest.
The orc priest is healed somewhat.
The orc priest invokes the aid of Beogh against you.
Beogh smites you! The orc hits you but does no damage.
The orc priest hits you but does no damage.
1817 ||| READING scroll of teleportation.
As you read the scroll of teleportation, it crumbles to dust.
You feel strangely unstable. The orc barely misses you.
The orc priest looks braver for a moment.
You slash the orc!
You kill the orc!
The orc hits you from afar with a +0 trident.
The orc priest casts a cantrip, but nothing happens.
You have reached level 6!
The orc priest calls upon Beogh to heal the orc priest.
The orc priest's wounds heal themselves!
The orc hits you with a +0 trident.
The orc priest hits you with a +0 hand axe.
You see here a +0 flail of holy wrath.
Enter note:
Enter note: You barely miss the orc priest.
You completely miss the orc.
Your surroundings suddenly seem different.
Found 15 gold pieces and a scroll of identify.
Enter note:
Enter note: You start resting.
An orc is nearby!
1830 ||| Stepping ~*~*~tactically~*~*~ (hiding).
You start resting.
An orc is nearby!
1832 ||| Stepping ~*~*~tactically~*~*~ (hiding).
You start resting.
An orc is nearby!
The orc hits you but does no damage. The orc hits you with a +0 trident.
You barely miss the orc. The orc hits you with a +0 trident.
You die...

........####.#
#.####### #########
##.## #.......#
##...####.#####.#
#[......#)#
#....##.#oo..#
#######
#.#.###.#o##.#
......####.#.###.#o#
#
#####.#..%.....#.#..
#......#.#.#@###
###.####.#...o.# #.#
#.#.....# #.#
.#....... #.#
#......$. #.#
#...?.#.... .. #.#
#.....##.#. # #.##.
#.# ....### ..
.#.... #.. ....#
#.#..


You could see an orc.

Vanquished Creatures
  A phantom (D:3)
  5 adders
  7 gnolls (D:2)
  2 orcs (D:3)
  5 ball pythons
  3 bats
  An endoplasm (D:2)
  3 goblins
  4 hobgoblins
  3 kobolds
  2 quokkas
  4 frilled lizards
  5 rats
45 creatures vanquished.

Notes
Turn   | Place    | Note
-------+----------+-------------------------------------------
     0 | D:1      | qw the Gargoyle Fighter began the quest for the Orb.
     0 | D:1      | Reached XP level 1. HP: 14/14 MP: 1/1
     0 | D:1      | 0 ||| qw: Version: 0.3-a-9-g12657ce
     0 | D:1      | 0 ||| qw: Game counter: 1577
     0 | D:1      | 0 ||| qw: Always use a shield: true
     0 | D:1      | 0 ||| qw: God list: Okawaru
     0 | D:1      | 0 ||| qw: Allow faded altars: false
     0 | D:1      | 0 ||| qw: Do Orc after D:15 true
     0 | D:1      | 0 ||| qw: Do second Lair branch before Depths: true
     0 | D:1      | 0 ||| qw: Lair rune preference: random
     0 | D:1      | 0 ||| qw: Plans: Normal, Zot:1-4, Slime:5, God:TSO, Crypt,
                  | Tomb, Abyss, Pan, Hells, Win
     0 | D:1      | 0 ||| PLANNING D:1-11
    69 | D:1      | Reached skill level 2 in Axes
   120 | D:1      | Found Poocoraabi's Armour Emporium.
   134 | D:1      | 134 ||| SHOPLISTING +0 cloak (54 gold, have 15).
   134 | D:1      | 134 ||| SHOPLISTING +1 pair of gloves of hurling (198 gold,
                  | have 15).
   267 | D:1      | Reached XP level 2. HP: 19/19 MP: 2/2
   464 | D:1      | 464 ||| Stepping ~*~*~tactically~*~*~ (stealth).
   785 | D:1      | 785 ||| UPGRADING to +0 helmet.
   790 | D:1      | 790 ||| READING scroll labelled LACIRI PEYFIO.
   791 | D:1      | 791 ||| READING scroll labelled AVICKI EGYIMP.
   792 | D:1      | 792 ||| READING scroll labelled PUGARGH KUAM WEAM.
   793 | D:1      | 793 ||| READING scroll labelled TAREDI VAUBRUYM.
   816 | D:2      | 816 ||| STAIRDANCE
   827 | D:1      | Reached skill level 3 in Axes
   907 | D:2      | 907 ||| Stepping ~*~*~tactically~*~*~ (stealth).
   919 | D:2      | Reached XP level 3. HP: 23/23 MP: 3/3
   952 | D:2      | 952 ||| Stepping ~*~*~tactically~*~*~ (hiding).
   968 | D:2      | Reached XP level 4. HP: 12/28 MP: 4/4
   970 | D:2      | Reached skill level 4 in Axes
  1069 | D:2      | 1069 ||| SWAPPING to +0 broad axe.
  1070 | D:2      | 1070 ||| DROPPING +0 mace.
  1071 | D:2      | 1071 ||| DROPPING +0 war axe.
  1414 | D:2      | 1414 ||| Stepping ~*~*~tactically~*~*~ (stealth).
  1427 | D:2      | Reached XP level 5. HP: 31/32 MP: 5/5
  1440 | D:2      | 1440 ||| READING scroll labelled GUNAEKKEYMM.
  1535 | D:2      | 1535 ||| READING scroll labelled GONUTSEINT.
  1545 | D:3      | 1545 ||| Stepping ~*~*~tactically~*~*~ (stealth).
  1632 | D:3      | Noticed a phantom
  1643 | D:3      | Killed a phantom
  1644 | D:3      | Reached skill level 5 in Axes
  1681 | D:3      | Found a sacrificial altar of Ru.
  1816 | D:3      | HP: 5/32 [orc priest/divine providence (13)]
  1817 | D:3      | 1817 ||| READING scroll of teleportation.
  1819 | D:3      | Reached XP level 6. HP: 5/37 MP: 6/6
  1819 | D:3      | HP: 1/37 [orc priest/+0 hand axe (2)]
  1830 | D:3      | 1830 ||| Stepping ~*~*~tactically~*~*~ (hiding).
  1832 | D:3      | 1832 ||| Stepping ~*~*~tactically~*~*~ (hiding).
  1838 | D:3      | HP: 4/37 [orc/+0 trident (2)]
  1839 | D:3      | Slain by an orc

Levels and vault maps discovered:
D:1:      evilmike_arrival_hilbert_curve, layout_basic, serial_shops, shop
D:2:      layout_basic, fountainhead, minmay_surrounded
D:3:      layout_loops_ring, mainiacjoe_overflow_small_starburst, st_stairs_1,
          hangedman_decor_push, minmay_misc_feat_alley,
          minmay_randomly_rotated_circles

Skill      XL: |  1  2  3  4  5 |
---------------+----------------+-----
Axes           | 2 3 4 5 |  5.4
Fighting       | |  3.4
Armour         | |  3.2
Shields        | |  3.2

Action                     |  1- 3 |  4- 6 || total
---------------------------+-------+-------++-------
  Melee: War axe           |    62 |     9 ||    71
         Broad axe         |       |    73 ||    73
    Use: Scroll            |     4 |     3 ||     7
 Armour: Scale mail        |    39 |    42 ||    81
  Dodge: Dodged            |    32 |    50 ||    82
  Block: Buckler           |    13 |    10 ||    23

Table legend:
 A = Non-vault XP
 B = Vault XP
 C = Vault XP percentage of total XP
 D = Non-vault monster count
 E = Vault monster count
 F = Vault count percentage of total count
                 A         B        C        D         E       F
            +---------+---------+-------+---------+---------+-------
      Total |     191 |     128 |  40.1 |      36 |       9 |  20.0
            +---------+---------+-------+---------+---------+-------
        D:1 |      30 |       0 |   0.0 |      11 |       0 |   0.0
        D:2 |     134 |      20 |  13.0 |      16 |       5 |  23.8
        D:3 |      27 |     108 |  80.0 |       9 |       4 |  30.8
            +---------+---------+-------+---------+---------+-------
